 Dungeon Crawl Stone Soup version 0.28.0-53-g5a82cb258f (console) character file.

Game seed: 671551858753913412

2152 erker the Geomancer (level 9, -12/51 HPs)
             Began as an Octopode Earth Elementalist on July 18, 2022.
             Was a Follower of Sif Muna.
             Mangled by an ice devil (20 damage)
             ... summoned by a kobold demonologist
             ... on level 6 of the Dungeon.
             The game lasted 00:39:36 (9208 turns).

erker the Geomancer (Octopode Earth Elementalist)   Turns: 9208, Time: 00:39:36

Health: -12/51     AC:  1    Str:  8    XL:     9   Next: 31%
Magic:  9/13       EV: 13    Int: 21    God:    Sif Muna [*.....]
Gold:   292        SH:  0    Dex: 12    Spells: 6/13 levels left

rFire   . . .      SeeInvis .   g - +0 dagger (venom)
rCold   . . .      Faith    .   (no shield)
rNeg    . . .      Spirit   .   (helmet restricted)
rPois   .          Reflect  .   (no amulet)
rElec   .          Harm     .   (no ring)
rCorr   .          Rampage  .   (no ring)
Will    .....                   (no ring)
Stlth   ++++......              (no ring)
HPRegen 0.17/turn               (no ring)
MPRegen 0.13/turn               (no ring)
                                (no ring)
                                (no ring)

@: no status effects
A: almost no armour, amphibious, 8 rings, camouflage 1, gelatinous body 1,
(nimble swimmer 1), tentacles
a: Renounce Religion, Channel Magic


You were on level 6 of the Dungeon.
You worshipped Sif Muna.
Sif Muna was aware of your devotion.
You visited 2 branches of the dungeon, and saw 7 of its levels.

You collected 292 gold pieces.

Inventory:

Hand Weapons
 a - a +1 dagger of speed
 g - a +0 dagger of venom (weapon)
Missiles
 b - 83 stones (quivered)
 t - 3 poisoned darts
Scrolls
 f - 2 scrolls of identify {unknown}
 h - a scroll of immolation {unknown}
 k - 5 scrolls of teleportation {unknown}
 l - 2 scrolls of noise {unknown}
 o - a scroll of enchant armour {unknown}
 p - a scroll of summoning {unknown}
 q - a scroll of fog {unknown}
 r - a scroll of magic mapping {unknown}
 s - a scroll of vulnerability {unknown}
Potions
 c - a potion of attraction {unknown}
 d - a potion of curing
 i - 3 potions of flight {unknown}
 j - 2 potions of haste {unknown}
 m - a potion of resistance {unknown}
 n - 2 potions of ambrosia {unknown}


   Skills:
 - Level 2.0 Short Blades
 - Level 2.0 Dodging
 + Level 5.0 Stealth
 + Level 2.7 Spellcasting
 - Level 8.0 Transmutations
 + Level 8.2 Earth Magic
 - Level 2.0 Invocations


You had 6 spell levels left.
You knew the following spells:

 Your Spells              Type           Power      Damage    Failure   Level
a - Sandblast             Erth           74%        2d16      1%          1
p - Petrify               Tmut/Erth      37%        N/A       4%          4
w - Passwall              Tmut/Erth      30%        N/A       1%          2

Your spell library contained the following spells:

 Spells                   Type           Power      Damage    Failure   Level
 Stone Arrow              Conj/Erth      40%        3d9       8%          3
 Dazzling Flash           Conj/Hex       4%         N/A       38%         3
 Gell's Gravitas          Tloc           2%         N/A       38%         3
 Teleport Other           Tloc           2%         N/A       38%         3
 Tukima's Dance           Hex            2%         N/A       38%         3
 Yara's Violent Unravell  Hex/Tmut       9%         3d6       58%         5
 Anguish                  Hex/Necr       1%         N/A       80%         4
 Passage of Golubria      Tloc           2%         N/A       80%         4
 Agony                    Necr           2%         N/A       98%         5
 Silence                  Hex/Air        1%         N/A       98%         5
 Dispersal                Tloc           1%         N/A       100%        6
 Enfeeble                 Hex            1%         N/A       100%        7


Dungeon Overview and Level Annotations

Branches:
Dungeon (6/15)             Temple (1/1) D:5

Altars:
Ashenzari
Cheibriados
Dithmenos
Elyvilon
Fedhas
Gozag
Hepliaklqana
Kikubaaqudgha
Makhleb
Nemelex Xobeh
Okawaru
Qazlal
Ru
Sif Muna
Trog
Vehumet
Xom
Yredelemnul
Zin
The Shining One

Shops:
D:6 [

Annotations:
D:3 2 transporters, SHADDY's ghost, amateur DDFi
D:4 exclusion: ice beast


Innate Abilities, Weirdness & Mutations

You cannot wear most types of armour.
You are amphibious.
You can wear up to eight rings at the same time.
Your skin changes colour to match your surroundings (Stealth+).
Your rubbery body absorbs attacks. (AC +1, EV +1)
((You are camouflaged when in or above water. (Stealth+)))
You have tentacles for arms and can constrict up to eight enemies at once.


Message History

The kobold demonologist hits you with a +0 long sword.
Casting: Passwall (safe; 1% risk of failure)
Confirm with . or Enter, or press ? or * to list all spells.
Aiming: Petrify (dangerous; 4% risk of failure)
Press: ? - help, Shift-Dir - straight line, f - kobold demonologist
Aim: a kobold demonologist, wielding a +0 long sword and wearing a +0 robe (chance to affect: 47%)
The kobold demonologist is moving more slowly.
The kobold demonologist misses you.
You hit the kobold demonologist.
The kobold demonologist is poisoned.
You grab the kobold demonologist.
The kobold demonologist is lightly wounded.
You constrict the kobold demonologist, but do no damage.
The kobold demonologist gestures wildly while chanting.
You hit the kobold demonologist but do no damage.
The kobold demonologist looks as sick as possible!
You tentacle-slap the kobold demonologist, but do no damage.
You squeeze the kobold demonologist.
The kobold demonologist is lightly wounded.
You constrict the kobold demonologist, but do no damage.
You hit the kobold demonologist.
The kobold demonologist looks as sick as possible!
You squeeze the kobold demonologist, but do no damage.
The kobold demonologist is lightly wounded.
You constrict the kobold demonologist. The ice devil closely misses you.
The kobold demonologist hits you with a +0 long sword.
You hit the kobold demonologist but do no damage.
The kobold demonologist is moderately wounded.
You constrict the kobold demonologist. The ice devil hits you.
The ice devil freezes you!
The kobold demonologist hits you with a +0 long sword!
You hit the kobold demonologist but do no damage.
The kobold demonologist looks as sick as possible!
You squeeze the kobold demonologist.
The kobold demonologist is moderately wounded.
You constrict the kobold demonologist.
The kobold demonologist stops moving altogether!
The ice devil hits you!
* * * LOW HITPOINT WARNING * * *
The ice devil freezes you!!
You die...

#.# #.# ### #)#
#รท# #.# #.#
#.#############
#.#.....)....<#
#.#.###########
#.#.# #4@K.#
#K#.# #.##.#
#.#.# #.##.#
#4#.# #.##.#
#.#.# #.##.#
#.#.####.##.#
#.#......##.#
#4#########.#
#...........#


You could see an ice devil (summoned) and a kobold demonologist (petrified,
extremely poisoned).

Vanquished Creatures
  Sigmund (D:5)
  Edmund (D:5)
  2 ogres
  2 necrophages
  A kobold brigand (D:6)
  2 phantoms
  A bullfrog (D:6)
  A gnoll sergeant (D:6)
  A water moccasin zombie (D:5)
  A scorpion (D:5)
  7 howler monkeys (D:6)
  4 orc priests (D:6)
  3 bullfrog skeletons
  8 hounds
  A centaur skeleton (D:5)
  A gnoll shaman (D:6)
  2 iguanas (D:5)
  4 orc wizards
  A hound skeleton (D:5)
  A howler monkey skeleton (D:6)
  An adder (D:5)
  An ufetubus (D:5)
  2 worms
  2 dart slugs (D:1)
  21 orcs
  5 ball pythons
  7 bats
  7 endoplasms
  A giant cockroach (D:3)
  10 goblins
  5 hobgoblins
  2 jackals (D:2)
  5 quokkas
  4 frilled lizards
  5 kobolds
  10 rats
133 creatures vanquished.

Vanquished Creatures (others)
  A wyvern zombie (D:6)
  2 plants
3 creatures vanquished.

Grand Total: 136 creatures vanquished

Notes
Turn   | Place    | Note
-------+----------+-------------------------------------------
     0 | D:1      | erker the Octopode Earth Elementalist began the quest for
                  | the Orb.
     0 | D:1      | Reached XP level 1. HP: 11/11 MP: 3/3
   241 | D:1      | Reached XP level 2. HP: 17/17 MP: 3/5
   249 | D:1      | Learned a level 2 spell: Passwall
   572 | D:1      | Reached skill level 1 in Short Blades
   606 | D:1      | Found a faded altar of an unknown god.
   927 | D:1      | Reached XP level 3. HP: 21/21 MP: 3/6
  2018 | D:2      | Reached XP level 4. HP: 27/27 MP: 2/7
  2239 | D:3      | Noticed an ogre
  2241 | D:3      | Found a transporter.
  2241 | D:3      | Noticed SHADDY's ghost (amateur DDFi)
  2307 | D:3      | Found a transporter.
  3062 | D:4      | Noticed an ice beast
  3071 | D:4      | Found a white marble altar of Elyvilon.
  3080 | D:4      | Found a burning altar of Makhleb.
  3311 | D:4      | Noticed a phantom
  3680 | D:5      | Entered Level 5 of the Dungeon
  3714 | D:5      | Reached XP level 5. HP: 22/31 MP: 4/8
  3822 | D:5      | Noticed a necrophage
  3836 | D:5      | Noticed an ogre
  4343 | D:5      | Reached XP level 6. HP: 36/36 MP: 6/9
  4391 | D:5      | Reached skill level 5 in Earth Magic
  4694 | D:5      | Noticed Sigmund
  4700 | D:5      | Noticed Edmund
  4762 | D:5      | Found a staircase to the Ecumenical Temple.
  5169 | D:5      | Reached XP level 7. HP: 40/41 MP: 3/10
  5190 | Temple   | Entered the Ecumenical Temple
  5376 | Temple   | Became a worshipper of Sif Muna the Loreminder
  5473 | D:4      | Learned a level 4 spell: Petrify
  5949 | D:5      | Killed Sigmund
  5950 | D:5      | Reached skill level 5 in Transmutations
  6466 | D:5      | Reached XP level 8. HP: 46/46 MP: 8/11
  6950 | D:5      | Killed Edmund
  7030 | D:6      | Found Orchian's Antique Armour Emporium.
  7661 | D:6      | Reached * piety under Sif Muna
  7684 | D:6      | Reached skill level 1 in Invocations
  7684 | D:6      | Reached XP level 9. HP: 42/51 MP: 7/12
  7814 | D:6      | Found a shimmering altar of Xom.
  7814 | D:6      | Found a shadowy altar of Dithmenos.
  8098 | D:6      | Noticed a kobold demonologist
  9031 | D:6      | Reached skill level 5 in Stealth
  9092 | D:6      | Noticed a rust devil
  9205 | D:6      | Noticed an ice devil
  9208 | D:6      | Mangled by an ice devil

Illustrated notes

Levels and vault maps discovered:
D:1:      dpeg_arrival_subterranean_lakeside_camping, layout_basic,
          shapermc_ecumenical_altar_pompeii, st_stairs_7
D:2:      layout_basic
D:3:      layout_basic, gammafunk_ghost_arena
D:4:      layout_basic, mainiacjoe_overflow_swirl
D:5:      layout_basic, minmay_temple_entry_sparse_star, minmay_misc_feat_x,
          sigmund_edmund_badplayer
D:6:      lemuel_castle_with_subvaults [lemuel_castle_interior_carwin_3],
          layout_basic, nicolae_overflow_hidden_temple, serial_shops,
          nicolae_shop_advertising_works [nicolae_subvault_shop_adworks],
          minmay_misc_feat_square, lemuel_another_geyser
Temple:   nicolae_temple_elliptical

Skill      XL: |  1  2  3  4  5  6  7  8  9 |
---------------+----------------------------+-----
Stealth        | 3 4 5 |  5.0
Short Blades   | 1 2 |  2.0
Earth Magic    | 4 5 6 8 |  8.2
Transmutations | 2 4 6 7 8 |  8.0
Invocations    | 1 2 |  2.0
Dodging        | |  2.0
Spellcasting   | |  2.7

Action                   |  1- 3 |  4- 6 |  7- 9 || total
-------------------------+-------+-------+-------++-------
Melee: Unarmed           |    10 |       |       ||    10
       Constrict         |    19 |     7 |    19 ||    45
       Tentacles         |    15 |     6 |    40 ||    61
       Dagger            |    78 |    31 |    91 ||   200
       Punch             |       |       |     4 ||     4
Throw: Stone             |       |       |     5 ||     5
       Dart              |       |       |     2 ||     2
 Cast: Sandblast         |    10 |    53 |    70 ||   133
       Passwall          |       |     6 |    12 ||    18
       Petrify           |       |       |    19 ||    19
  Use: Potion            |       |       |     2 ||     2
 Stab: Sleeping          |    19 |     5 |     3 ||    27
       Petrified         |       |       |    28 ||    28
Armor: Skin              |     5 |     4 |     2 ||    11
Dodge: Dodged            |    38 |    49 |    31 ||   118
